 Dungeon Crawl Stone Soup version 0.27-a0-1312-g5cdb2b3542 (webtiles) character file.

Game seed: 12712156967531755959

61 27snakeeyes612 the Chopper (level 3, -2/34 HPs)
             Began as a Minotaur Berserker on June 20, 2021.
             Was a Follower of Trog.
             Slain by an adder (3 damage)
             ... on level 2 of the Dungeon.
             The game lasted 00:00:45 (1258 turns).

27snakeeyes612 the Chopper (Minotaur Berserker)     Turns: 1258, Time: 00:00:46

Health: -2/34      AC:  2    Str: 22    XL:     3   Next: 83%
Magic:  2/2        EV: 12    Int:  4    God:    Trog [*.....]
Gold:   41         SH:  0    Dex:  9    Spells: 2/2 levels left

rFire    . . .     SeeInvis .   a - +0 hand axe
rCold    . . .     Faith    .   (no shield)
rNeg     . . .     Spirit   .   b - +0 animal skin
rPois    .         Reflect  .   (helmet restricted)
rElec    .         Harm     .   (no cloak)
rCorr    .         Rampage  .   (no gloves)
Will     ++...                  (no boots)
Stlth    +.........             (no amulet)
HPRegen  1.11/turn              (no ring)
MPRegen  0.08/turn              (no ring)

@: lethally poisoned (-2 -> -3), strong-willed, flying, regenerating
A: horns 2, retaliatory headbutt
a: Renounce Religion, Berserk


You were on level 2 of the Dungeon.
You worshipped Trog.
Trog was aware of your devotion.
You visited 1 branch of the dungeon, and saw 2 of its levels.

You collected 41 gold pieces.

Inventory:

Hand Weapons
 a - a +0 hand axe (weapon)
Armour
 b - a +0 animal skin (worn)
Scrolls
 c - a scroll of fear {unknown}
Potions
 e - a potion of haste {unknown}


   Skills:
 + Level 4.4 Fighting
 + Level 4.6 Axes
 + Level 2.6 Armour
 + Level 2.4 Dodging
 + Level 0.7 Stealth


You had 2 spell levels left.
You didn't know any spells.
Your spell library was empty.

Dungeon Overview and Level Annotations

Branches:
Dungeon (2/15)

Altars:

Shops:
D:1 (


Innate Abilities, Weirdness & Mutations

You have a pair of horns on your head.
You reflexively headbutt those who attack you in melee.


Message History

You slash the hound! You headbutt the hound.
You kill the hound!
Trog accepts your kill.
You miss the adder. The adder closely misses you. x2
You hit the adder.
The adder is heavily wounded.
You slash the endoplasm!
You kill the endoplasm!
Trog accepts your kill.
You can now call upon Trog for regeneration and willpower.
The adder bites you.
You are too injured to fight recklessly!
You are too injured to fight recklessly!
You are too injured to fight recklessly!
You are too injured to fight recklessly!
You are too injured to fight recklessly!
You are too injured to fight recklessly!
You are too injured to fight recklessly!
You are too injured to fight recklessly!
You are too injured to fight recklessly!
You are too injured to fight recklessly!
You are too injured to fight recklessly!
You are too injured to fight recklessly!
You are too injured to fight recklessly!
You are too injured to fight recklessly!
The adder bites you. x2
* * * LOW HITPOINT WARNING * * *
You are poisoned.
The adder poisons you!
Your skin crawls.
You feel strong-willed.
You can no longer call upon Trog for regeneration and willpower.
You feel sick. The adder bites you.
* * * LOW HITPOINT WARNING * * *
It was a potion of flight.
You feel very buoyant.
You fly up into the air.
* * * LOW HITPOINT WARNING * * *
You feel sick. The adder bites you.
You die...

...#.#.##..
..#.#....# .
........# ....
....... ....
..... . ... ... #
.. ####.###.#.#
..
.......♣.♣.♣.♣..
#.#..@SK.l...
#...♣h♣.♣.♣..
..###............
#......<.(♣.♣....
..###............
##....#......
#.......[..#
###........#
..........


You could see an adder, a jackal, a kobold and a frilled lizard.

Vanquished Creatures
  A hound (D:2)
  A dart slug (D:1)
  5 endoplasms
  A goblin (D:1)
  2 hobgoblins (D:1)
  4 jackals (D:1)
  2 ball pythons (D:1)
  A bat (D:1)
  A frilled lizard (D:1)
  4 kobolds (D:1)
  9 rats (D:1)
31 creatures vanquished.

Notes
Turn   | Place    | Note
-------+----------+-------------------------------------------
     0 | D:1      | 27snakeeyes612 the Minotaur Berserker began the quest for
                  | the Orb.
     0 | D:1      | Reached XP level 1. HP: 19/19 MP: 0/0
   261 | D:1      | Found Hietyj's Antique Weapon Shoppe.
   320 | D:1      | Reached XP level 2. HP: 24/27 MP: 1/1
   852 | D:1      | Reached XP level 3. HP: 27/33 MP: 2/2
   962 | D:1      | Reached ** piety under Trog
  1103 | D:1      | Found a faded altar of an unknown god.
  1257 | D:2      | HP: 1/34 [adder (5)]
  1258 | D:2      | Slain by an adder

Illustrated notes

Levels and vault maps discovered:
D:1:      heliophobic_arrival_battle_scene, layout_loops_corners,
          hellmonk_ecumenical_altar_leap_of_faith, serial_shops, shop,
          minmay_stone_trees_small, minmay_rat_gold_closets
D:2:      layout_rooms, serial_forest, infiniplex_forest_corner_1,
          infiniplex_forest_end_1, infiniplex_forest_lined_3_way,
          infiniplex_forest_zigzag_1, infiniplex_forest_corner_1,
          infiniplex_forest_corner_2, infiniplex_forest_end_3

Skill      XL: |  1  2 |
---------------+-------+-----
Fighting       | 4 |  4.4
Axes           | 4 |  4.6
Armour         | |  2.6
Dodging        | |  2.4
Stealth        | |  0.7

Action                   || total
-------------------------++-------
Melee: Hand axe          ||    60
       Headbutt          ||     8
Invok: Trog's Hand       ||     1
  Use: Potion            ||     1
 Stab: Sleeping          ||     4
Armor: Animal skin       ||     7
Dodge: Dodged            ||    39

Table legend: (Time is in decaauts)
 A = Elapsed time spent in this place.
 B = Non-inter-level travel time spent in this place.
 C = Inter-level travel time spent in this place.
 D = Time resting spent in this place.
 E = Time spent auto-exploring this place.
 F = Levels seen in this place.
 G = Mean time per level.
                   A        B        C        D        E       F      G
               +--------+--------+--------+--------+--------+-----+--------+
         Total |   1263 |   1249 |     14 |      0 |   1100 |   2 |  631.5 |
       Dungeon |   1263 |   1249 |     14 |      0 |   1100 |   2 |  631.5 |
               +--------+--------+--------+--------+--------+-----+--------+

Top non-repeatable levels by time:
     D:1: 1249 daAuts
     D:2: 14 daAuts
